 Dungeon Crawl Stone Soup version 0.19-a0-32-gbfd796a (webtiles) character file.

2712 jyri the Grappler (level 9, -2/70 HPs)
             Began as a Ghoul Monk on May 2, 2016.
             Slain by a mummy (12 damage)
             ... in an ossuary.
             The game lasted 00:34:52 (6342 turns).

jyri the Grappler (Ghoul Monk)                      Turns: 6342, Time: 00:34:53

Health: -2/70      AC:  9    Str: 22    XL:     9   Next: 66%
Magic:  8/8        EV:  8    Int:  5    God:
Gold:   212        SH:  0    Dex: 12    Spells: 0 memorised, 8 levels left

rFire  . . .     SeeInvis .       - Unarmed
rCold  + . .     Gourm    .     s - +0 chain mail
rNeg   + + +     Faith    .     (no shield)
rPois  ∞         Spirit   .     (no helmet)
rElec  .         Dismiss  .     (no cloak)
rCorr  +         Reflect  .     (no gloves)
SustAt .         Harm     .     y - +0 pair of boots
MR     .....                    (no amulet)
Stlth  ..........               (no ring)
                                h - ring of resist corrosion

@: mighty, very slightly contaminated, rotting, not resistant to hostile
enchantments, extremely unstealthy
A: rotting body, claws 1, carnivore 3, cold resistance 1, negative energy
resistance 3, slow regeneration 1, torment resistance, unbreathing
a: no special abilities


You were in an ossuary.
You were not hungry.

You visited 2 branches of the dungeon, and saw 9 of its levels.
You also visited: Ossuary.

You collected 342 gold pieces.
You spent 130 gold pieces at shops.

Inventory:

Missiles
 g - 156 arrows
 k - 43 bolts
 q - 62 sling bullets
 w - 14 poisoned needles
 F - 2 tomahawks (quivered)
Armour
 s - a +0 chain mail (worn)
 y - a +0 pair of boots (worn)
Magical Staves
 H - an uncursed staff of summoning
Jewellery
 h - a ring of resist corrosion (left claw)
 L - an uncursed ring of see invisible {unknown}
Wands
 C - a wand of paralysis (13/24)
 E - a wand of confusion (6/48)
 K - a wand of disintegration (10/24)
Scrolls
 d - 2 scrolls of enchant armour
 f - 2 scrolls of enchant weapon {unknown}
 i - 2 scrolls of amnesia
 l - 2 scrolls of teleportation {unknown}
 n - 2 scrolls of magic mapping
 p - 2 scrolls of fog {unknown}
 u - 3 scrolls of remove curse
 A - a scroll of fear {unknown}
 J - 2 scrolls of blinking {unknown}
Potions
 a - 3 potions of berserk rage
 c - 4 potions of curing
 e - a potion of resistance
 o - a potion of lignification
 v - 2 potions of flight
 x - a potion of invisibility {unknown}
 z - a potion of ambrosia
 B - a potion of brilliance
 G - a potion of agility {unknown}
 I - a potion of cure mutation {unknown}
Comestibles
 b - 3 meat rations
 j - 3 royal jellies
 r - a beef jerky
 D - a slice of pizza


   Skills:
 - Level 3.2 Fighting
 - Level 2.6 Dodging
 - Level 2.1 Stealth
 + Level 14.1 Unarmed Combat


You had 8 spell levels left.
You didn't know any spells.

Dungeon Overview and Level Annotations

Branches:
Dungeon (8/15)             Temple (1/1) D:7
   Lair: D:8-11

Altars:
Ashenzari
Cheibriados
Dithmenos
Elyvilon
Kikubaaqudgha
Okawaru
Pakellas
Qazlal
Ru
Sif Muna
Vehumet
Xom
Yredelemnul
Zin
The Shining One

Shops:
D:4 *   D:6 !

Annotations:
D:5 heinrich's ghost, novice OpEE


Innate Abilities, Weirdness & Mutations

Your body is rotting away.
You thrive on raw meat.
You are immune to poison.
You have sharp fingernails.
You are carnivorous and can eat meat at any time.
Your flesh is cold resistant.
You are immune to negative energy.
You regenerate slowly when monsters are visible.
You are immune to unholy pain and torment.
You can survive without breathing.


Message History

* * * LOW HITPOINT WARNING * * *
There is an arrow trap here.
You open the door.
Your extra speed is starting to run out.
There is an open door here.
You see here 2 scrolls of amnesia.
You see here a scroll labeled KOROV DUEHUYTZ.
You see here 2 scrolls labeled KOROV DUEHUYTZ.
You see here 2 scrolls labeled UMATUH ZAHEACAE.
f - 2 scrolls labeled UMATUH ZAHEACAE The mummy hits you.
* * * LOW HITPOINT WARNING * * *
You feel yourself slow down.
You see here 2 scrolls labeled KOROV DUEHUYTZ.
You see here a scroll labeled KOROV DUEHUYTZ.
J - 2 scrolls labeled KOROV DUEHUYTZ (gained 1)
You claw the mummy!
The mummy is heavily damaged.
The mummy hits you!
You die...

#..#..............
#.................
#.........Z.......
#.....##..........
#.....##..........
#.....ZZ..........
#...^.............
####.........####
#@M'^..........
#?.#...........∩
################


You could see a mummy, a hobgoblin zombie and a kobold zombie.

Vanquished Creatures
  A hungry ghost (D:7)
  Edmund (D:5)
  An ice beast (D:6)
  A sky beast (D:7)
  An eye of draining (D:8)
  2 phantoms
  3 ogres
  3 elf zombies (Ossuary)
  A giant frog (D:6)
  4 scorpions
  6 killer bees
  2 howler monkeys (D:4)
  A centaur zombie (D:6)
  A wasp zombie (D:6)
  A quasit (D:5)
  A hound (D:7)
  2 jellies
  A centaur skeleton (D:7)
  A human zombie (Ossuary)
  3 orc priests (D:4)
  7 orc wizards
  Ijyb (D:3)
  Jessica (D:3)
  Terence (D:3)
  5 worker ants
  A hound zombie (Ossuary)
  2 howler monkey skeletons
  8 adders
  An ooze (D:3)
  An adder skeleton (D:4)
  2 worms (D:2)
  3 dart slugs
  4 giant geckos
  19 orcs
  4 bats
  6 giant cockroaches
  2 gnoll zombies (Ossuary)
  10 goblins
  5 hobgoblins
  13 jackals
  7 quokkas
  4 ball pythons
  4 giant newts
  A jackal zombie (Ossuary)
  7 kobolds
  10 rats
166 creatures vanquished.

Notes
Turn   | Place    | Note
--------------------------------------------------------------
     0 | D:1      | jyri the Ghoul Monk began the quest for the Orb.
     0 | D:1      | Reached XP level 1. HP: 19/19 MP: 0/0
    49 | D:1      | Reached XP level 2. HP: 11/26 MP: 1/1
   150 | D:1      | Reached skill level 5 in Unarmed Combat
   368 | D:1      | Reached XP level 3. HP: 31/31 MP: 2/2
   975 | D:2      | Reached skill level 6 in Unarmed Combat
   975 | D:2      | Reached XP level 4. HP: 38/38 MP: 3/3
  1791 | D:3      | Noticed Jessica
  1800 | D:3      | Killed Jessica
  1800 | D:3      | Reached XP level 5. HP: 42/45 MP: 4/4
  1817 | D:3      | Noticed Ijyb
  1835 | D:3      | Killed Ijyb
  1835 | D:3      | Reached skill level 7 in Unarmed Combat
  1936 | D:3      | Noticed Terence
  1945 | D:3      | Killed Terence
  2238 | D:3      | Found a glowing golden altar of the Shining One.
  2244 | D:3      | Reached XP level 6. HP: 51/51 MP: 5/5
  2376 | D:4      | Reached skill level 8 in Unarmed Combat
  2454 | D:4      | Found Bioraal's General Store.
  2462 | D:4      | Bought a scroll of identify for 26 gold pieces
  2462 | D:4      | Bought a scroll of identify for 26 gold pieces
  2462 | D:4      | Bought a potion of curing for 39 gold pieces
  2462 | D:4      | Bought a scroll of remove curse for 39 gold pieces
  2637 | D:4      | Reached skill level 9 in Unarmed Combat
  2637 | D:4      | Reached XP level 7. HP: 44/57 MP: 6/6
  3131 | D:5      | Entered Level 5 of the Dungeon
  3179 | D:5      | Reached skill level 10 in Unarmed Combat
  3335 | D:5      | Noticed Edmund
  3458 | D:4      | Reached XP level 8. HP: 63/63 MP: 7/7
  3707 | D:6      | Found a shadowy altar of Dithmenos.
  3798 | D:6      | Found Fiyruck's Distillery.
  3838 | D:6      | Reached skill level 11 in Unarmed Combat
  4570 | D:5      | Noticed heinrich's ghost (novice OpEE)
  4731 | D:5      | Reached skill level 12 in Unarmed Combat
  4819 | D:5      | Killed Edmund
  4961 | D:7      | Found a staircase to the Ecumenical Temple.
  4970 | Temple   | Entered the Ecumenical Temple
  5124 | D:7      | Reached XP level 9. HP: 68/70 MP: 8/8
  5406 | D:7      | Reached skill level 13 in Unarmed Combat
  5726 | D:7      | Found a deep blue altar of Sif Muna.
  6023 | D:7      | Found a basalt altar of Yredelemnul.
  6241 | D:8      | Found a sand-covered staircase.
  6247 | Ossuary  | Entered an ossuary
  6271 | Ossuary  | Reached skill level 14 in Unarmed Combat
  6342 | Ossuary  | Slain by a mummy

Vault maps used:
D:1:      minmay_arrival_diagonal_passages, corexii_corridor_pit,
          nrook_mini_backslash, item_on_display_a
D:3:      overflow_temple_1_default, first_bread, uniq_iyjb, uniq_jessica,
          uniq_terence
D:4:      serial_shops, shop
D:5:      amethyst_overflow_temple_binary, serial_shops, nicolae_shop_trees,
          tgw_xom, uniq_edmund
D:6:      serial_shops, shop, minivault_4, grunt_dithmenos_smoke
D:7:      led_sif_book, nicolae_overflow_hidden_temple, temple_hall
D:8:      lightli_temple_of_fire, kennysheep_mini_moat, grunt_gozag_breadcrumbs,
          nicolae_ossuary_entry_plus, uniq_erica
Temple:   minmay_freezing_vapour_temple_12
Ossuary:  ossuary_minmay_tomb_2a

Skill      XL: |  1  2  3  4  5  6  7  8  9 |
---------------+----------------------------+-----
Unarmed Combat | 5 6 7 9 10 12 14 | 14.1
Fighting       | |  3.2
Dodging        | |  2.6
Stealth        | |  2.1

Action                   |  1- 3 |  4- 6 |  7- 9 || total
-------------------------+-------+-------+-------++-------
Melee: Unarmed           |   100 |   189 |   317 ||   606
       Punch             |     1 |     5 |     7 ||    13
Evoke: Wand              |       |       |     1 ||     1
  Use: Scroll            |       |     7 |     5 ||    12
       Potion            |       |       |     6 ||     6
 Stab: Sleeping          |     2 |       |       ||     2
  Eat: Chunk             |    14 |    24 |    28 ||    66
Armor: Robe              |     5 |       |       ||     5
       Ring mail         |    18 |    17 |       ||    35
       Chain mail        |       |    62 |   261 ||   323
Dodge: Dodged            |    59 |    67 |   161 ||   287
